[Event "Grand Prix Romania 1st Stage 2024"]
[Site "Bucuresti"]
[Date "2024.03.24"]
[Round "7.6"]
[White "Safarli, Eltaj"]
[Black "Tilicheev, Viacheslav"]
[Result "1/2-1/2"]
[ECO "B50"]
[WhiteElo "2614"]
[BlackElo "2485"]
[Annotator "TA"]
[PlyCount "60"]
[EventDate "2024.03.20"]
[EventType "swiss"]
[EventCountry "ROU"]
[SourceTitle "playchess.com"]
[Source "ChessBase"]
[SourceQuality "1"]
[TimeControl "900+5"]

1. e4 c5 2. Nf3 d6 3. Nc3 Nf6 4. e5 dxe5 5. Nxe5 a6 6. g3 Qc7 7. d4 cxd4 8. Qxd4 {[%emt 0:00:03] Black must now prevent Bg2. White has an edge.} Nc6 9. Nxc6 Qxc6 {[%emt 0:00:02] [#]} 10. Bg5 $1 Bg4 (10... Qxh1 11. O-O-O Nd7 (11... Qxh2 12. Qd8#) (11... Bg4 $2 12. Bb5+ axb5 13. Rxh1 $18) 12. Nd5 $18 (12. Bb5 Qxd1+ 13. Kxd1 axb5 $16)) 11. Bxf6 h5 {[%emt 0:00:01] [#]} (11... Qxh1 $2 {too greedy.} 12. Qxg4 gxf6 13. Qa4+ b5 14. Nxb5 $18) 12. Nd5 $1 exf6 13. Bg2 {[%emt 0:00:17] Threatens to win with Qe3+.} Bc5 14. Qe4+ Be6 15. O-O-O (15. Qe2 $14 {deserves consideration.} Kf8 (15... O-O-O $2 16. Ne7+ Bxe7 17. Bxc6 $18) 16. Nf4) 15... O-O-O $1 $11 16. c4 Bxd5 (16... Kb8 {is more complex.} 17. b4 Bd6 18. c5 a5) 17. Rxd5 (17. cxd5 {is interesting.} Qb6 18. d6 Rxd6 19. Rxd6 Bxd6 20. Rd1) 17... Rxd5 18. Qxd5 (18. cxd5 {feels hotter.} Qb6 19. d6 Bxd6 20. Rd1) 18... Qxd5 19. Bxd5 Bxf2 20. Bxf7 {[%emt 0:00:39][%mdl 4096] Endgame. KRB-KRB} h4 21. g4 Rd8 22. Bd5 b5 23. Rd1 Kc7 24. b3 bxc4 25. bxc4 Bc5 26. Re1 Rb8 27. Kc2 Ba3 28. Kd3 Rb2 29. Re2 Rxe2 30. Kxe2 g5 {[%emt 0:00:03] Weighted Error Value: White=0.07 (flawless) /Black=0.08 (flawless) .  Mistake:       	White=1     	---        Inaccurate:     	White=1     	Black=5      OK:         	White=9     	Black=10     Best:        	White=2     	---        Strong:       	---       	Black=1} 1/2-1/2

[Event "Grand Prix Romania 1st Stage 2024"]
[Site "Bucuresti"]
[Date "2024.03.24"]
[Round "7.7"]
[White "Nevednichy, Vladislav"]
[Black "Korobov, Anton"]
[Result "0-1"]
[ECO "B51"]
[WhiteElo "2445"]
[BlackElo "2662"]
[Annotator "TA"]
[PlyCount "70"]
[EventDate "2024.03.20"]
[EventType "swiss"]
[EventCountry "ROU"]
[SourceTitle "playchess.com"]
[Source "ChessBase"]
[SourceQuality "1"]
[TimeControl "900+5"]

1. e4 c5 2. Nf3 d6 3. Bb5+ Nd7 4. a4 Ngf6 5. Nc3 g6 6. O-O Bg7 7. d4 cxd4 8. Nxd4 {[%emt 0:00:02] Die Stellung ist ausgeglichen.} O-O 9. a5 Nc5 10. Re1 Bd7 11. Bf1 Rc8 12. f3 e5 13. Nb3 Nxb3 14. cxb3 Be6 15. Be3 a6 16. b4 d5 17. exd5 Nxd5 18. Nxd5 Bxd5 19. b5 axb5 20. Bxb5 e4 21. fxe4 Bxe4 22. Qxd8 Rfxd8 23. Ra4 f5 (23... Bd5 $15) 24. Bc4+ $11 Kf8 25. b3 Bd4 26. Kf2 (26. Bxd4 {vereinfacht} Rxd4 27. a6 bxa6 28. Bxa6 Rcd8 29. Rxd4 Rxd4 30. Bc4) 26... Bxe3+ 27. Kxe3 (27. Rxe3 $15 Rd2+ 28. Re2 Rxe2+ 29. Kxe2 (29. Bxe2 Rc2 $15)) 27... Bxg2 $17 {[%emt 0:00:10] Schwarz steht aktiver.} 28. Kf4 (28. Re2 $17 Bh1 29. Ra1) 28... Rd4+ $19 29. Kg5 Rc7 {[%emt 0:00:28] [#] ( -> ...Kg7)} 30. Bb5 Rxa4 31. bxa4 Kg7 32. a6 (32. Re8 {ist eine bessere Verteidigung.}) 32... bxa6 33. Bxa6 h6+ 34. Kf4 Kf6 {[%emt 0:00:05] [#] Droht stark ...Rc3.} 35. h4 $2 (35. Kg3 Bd5 36. Kf2) 35... Rc3 {[%emt 0:00:11] Gewichteter Fehlerwert: Weiß=0.42/Schwarz=0.09 (makellos) .  Fehler:       	Weiß=4     	Schwarz=1     Ungenau:       	Weiß=4     	Schwarz=2     OK:         	Weiß=8     	Schwarz=15    Bester:       	Weiß=1     	Schwarz=3} 0-1

[Event "Grand Prix Romania 1st Stage 2024"]
[Site "Bucuresti"]
[Date "2024.03.24"]
[Round "7.8"]
[White "Manolache, Marius"]
[Black "Kuzubov, Yuriy"]
[Result "1/2-1/2"]
[ECO "D37"]
[WhiteElo "2387"]
[BlackElo "2605"]
[Annotator "RC"]
[PlyCount "119"]
[EventDate "2024.03.20"]
[EventType "swiss"]
[EventCountry "ROU"]
[SourceTitle "playchess.com"]
[Source "ChessBase"]
[SourceQuality "1"]
[TimeControl "900+5"]

1. d4 Nf6 2. c4 e6 3. Nc3 d5 4. Nf3 a6 5. cxd5 exd5 6. a3 Bd6 7. Bg5 c6 8. Qc2 Nbd7 9. e3 Nf8 10. Bh4 Ng6 11. Bg3 Bxg3 12. hxg3 Ng4 13. Bd3 Nf8 14. O-O-O Be6 15. e4 dxe4 16. Bxe4 Nf6 17. Rhe1 Nxe4 18. Qxe4 Ng6 19. d5 cxd5 20. Rxd5 Qb6 21. Qd4 Qxd4 22. Nxd4 O-O 23. Nxe6 fxe6 24. Rd2 e5 25. f3 Rac8 26. Kb1 Rc7 27. Rd6 Rfc8 28. Red1 Nf8 29. Nd5 Rf7 30. Re1 Re8 31. f4 Rd7 32. Rxd7 Nxd7 33. Nc7 Re7 34. Nd5 Re6 35. Nc7 Rc6 36. Nd5 Rc5 37. Nc3 Kf7 38. Kc2 exf4 39. gxf4 Nf6 40. Kd3 h5 41. g3 Rc8 42. Re5 g6 43. Ne4 Rd8+ 44. Ke2 Nxe4 45. Rxe4 Rd5 46. Rb4 b5 47. Re4 Rd6 48. a4 Re6 49. Rxe6 Kxe6 50. axb5 axb5 51. b4 Kf5 52. Kf3 g5 53. fxg5 Kxg5 54. Kf2 Kf5 55. Kf3 Kg5 56. Ke3 Kg4 57. Kf2 Kf5 58. Kf3 Kg5 59. Ke3 Kg4 60. Kf2 1/2-1/2

[Event "Grand Prix Romania 1st Stage 2024"]
[Site "Bucuresti"]
[Date "2024.03.24"]
[Round "7.9"]
[White "Brunello, Sabino"]
[Black "Efroimski, Marsel"]
[Result "1/2-1/2"]
[ECO "A13"]
[WhiteElo "2515"]
[BlackElo "2467"]
[Annotator "RC"]
[PlyCount "126"]
[EventDate "2024.03.20"]
[EventType "swiss"]
[EventCountry "ROU"]
[SourceTitle "playchess.com"]
[Source "ChessBase"]
[SourceQuality "1"]
[TimeControl "900+5"]

1. c4 e6 2. g3 d5 3. Nf3 Nf6 4. Bg2 dxc4 5. Qa4+ Bd7 6. Qxc4 c5 7. Ne5 Qc8 8. Nc3 Nc6 9. Nxd7 Qxd7 10. O-O Be7 11. Rd1 Rc8 12. b3 O-O 13. Bb2 Rfd8 14. Rac1 b6 15. h3 Nd5 16. Ne4 f5 17. Nc3 Bf6 18. Qa4 Nxc3 19. Bxc3 Bxc3 20. Rxc3 Nd4 21. Qxd7 Rxd7 22. Kf1 Rcd8 23. Rc4 e5 24. e3 Ne6 25. Ke2 a5 26. Rc2 Rd6 27. h4 h5 28. a3 g6 29. Rb1 Kg7 30. Ke1 f4 31. Ke2 Rf8 32. gxf4 exf4 33. b4 cxb4 34. axb4 f3+ 35. Bxf3 Nd4+ 36. exd4 Re6+ 37. Kf1 Rxf3 38. bxa5 bxa5 39. Rb7+ Rf7 40. Rcc7 Rxc7 41. Rxc7+ Kf6 42. Ra7 Rd6 43. Rxa5 Rxd4 44. Ke2 Rxh4 45. Ke3 Rb4 46. d4 Rb1 47. Kf4 Rf1 48. Ra6+ Kf7 49. Kf3 Rd1 50. Ke3 g5 51. Ke4 h4 52. Kf5 Rxd4 53. Ra7+ Kg8 54. Kxg5 Rd2 55. f3 h3 56. Ra1 h2 57. Kf4 Rg2 58. Rh1 Kg7 59. Ke3 Kg6 60. f4 Kf5 61. Kf3 Ra2 62. Kg3 Ra3+ 63. Kxh2 Kxf4 1/2-1/2

[Event "Grand Prix Romania 1st Stage 2024"]
[Site "Bucuresti"]
[Date "2024.03.24"]
[Round "7.10"]
[White "Secheres, Adrian-Simion"]
[Black "Bologan, Victor"]
[Result "1-0"]
[ECO "B07"]
[WhiteElo "2371"]
[BlackElo "2594"]
[Annotator "TA"]
[PlyCount "67"]
[EventDate "2024.03.20"]
[EventType "swiss"]
[EventCountry "ROU"]
[SourceTitle "playchess.com"]
[Source "ChessBase"]
[SourceQuality "1"]
[TimeControl "900+5"]

1. d4 d6 2. Nf3 Nf6 3. g3 g6 4. Bg2 Bg7 5. O-O O-O 6. Re1 Nbd7 7. e4 e5 8. Nc3 c6 9. a4 b6 10. b3 (10. dxe5 $14 {might be stronger.} Nxe5 11. Nd4) 10... Re8 11. Ba3 Qc7 {[%emt 0:01:10] White is slightly better.} 12. Qd2 (12. dxe5 $14 dxe5 13. Bd6) 12... a6 (12... exd4 $1 $11 13. Nxd4 Bb7) 13. Rad1 {[%emt 0:00:11] White is more active.} b5 14. dxe5 dxe5 15. Bd6 Qb6 16. b4 (16. Qe3 $14) 16... Bb7 ({Black should play} 16... Re6 $11) 17. a5 Qa7 18. Bh3 $36 {[%emt 0:00:34][%mdl 2048] White has good play.} c5 19. Nd5 Bxd5 20. exd5 e4 21. Ng5 {[%emt 0:00:02][%cal Og5f7] Hoping for Nxf7!} h6 $2 (21... cxb4 $1 $11 {and Black has nothing to worry.} 22. Qf4 (22. Bxb4 Bh6 $15) (22. Qxb4 e3 $15) 22... Bh6 23. Bxb4 Ne5) 22. Nxf7 $1 $18 Kxf7 (22... Kh7 {is more resistant.} 23. bxc5 Nxc5) 23. Be6+ {[%emt 0:00:03] White is clearly winning.} Rxe6 24. dxe6+ Kxe6 {[%emt 0:00:05] [#]} 25. Rxe4+ $3 Kf7 (25... Nxe4 26. Qd5+) 26. Re7+ Kg8 27. Bxc5 Qb7 28. Rxd7 (28. Qc3 $142) 28... Nxd7 29. Qxd7 Qxd7 30. Rxd7 {[%emt 0:00:01] KRB-KRB} Bf8 (30... g5 $142 31. Kf1 Re8) 31. Rc7 Bxc5 32. Rxc5 Kf7 33. Rc6 h5 34. h4 {[%emt 0:00:04] Weighted Error Value: White=0.82/Black=0.71.  Loses game:     	---       	Black=1      Mistake:       	White=3     	Black=4      Inaccurate:     	---       	Black=2      OK:         	White=6     	Black=3      Best:        	White=1     	---        Strong:       	White=1     	---        Brilliant:      	White=1     	---} 1-0

[Event "Grand Prix Romania 1st Stage 2024"]
[Site "Bucuresti"]
[Date "2024.03.24"]
[Round "7.11"]
[White "Ben Ari, Yannay"]
[Black "Gavrilescu, David"]
[Result "0-1"]
[ECO "A14"]
[WhiteElo "2434"]
[BlackElo "2524"]
[Annotator "TA"]
[PlyCount "104"]
[EventDate "2024.03.20"]
[EventType "swiss"]
[EventCountry "ROU"]
[SourceTitle "playchess.com"]
[Source "ChessBase"]
[SourceQuality "1"]
[TimeControl "900+5"]

1. Nf3 d5 2. g3 Nf6 3. Bg2 e6 4. O-O Be7 5. c4 O-O 6. b3 b6 7. Bb2 Bb7 8. e3 c5 9. Nc3 Qc8 {[%emt 0:00:25] A14: English Opening: 1...e6 with b3 by White.} 10. Qe2 Rd8 11. d3 Nc6 12. Rfe1 a6 $146 ({Predecessor:} 12... Qc7 13. Rac1 dxc4 14. bxc4 Rac8 15. Nb5 Qb8 16. Red1 Qa8 17. a3 Ne8 18. h3 Bf6 {½-½ Savchenko,B (2550)-Artemiev,V (2701) RUS-ch Blitz 2022 (13)}) 13. cxd5 Nxd5 14. Nxd5 Rxd5 15. d4 a5 16. e4 (16. Nd2 $14) 16... Rd8 17. d5 Ba6 (17... exd5 $11 18. exd5 Rxd5) 18. Qe3 $16 Nb4 (18... exd5 $2 19. exd5 Rxd5 20. Nh4 $18 (20. Ne5 Rxe5 21. Bxe5 h6 $18)) 19. Ne5 (19. Rad1 $14) 19... Bf6 $11 20. Bh3 (20. Nc6 $11 Nxc6 (20... Bxb2 $2 21. Ne7+ Kh8 22. Nxc8 $18) 21. Bxf6 gxf6 22. dxc6) 20... Qc7 $15 21. Nxf7 $1 Bxb2 (21... Qxf7 22. Bxe6 $11 (22. dxe6 $2 Qf8 $19) (22. dxe6 $2 Qf8 $19)) 22. Bxe6 (22. Nxd8 $2 Rxd8 23. Bxe6+ Kh8 $19) 22... Rf8 $1 23. d6 Qxf7 $1 24. Bxf7+ Rxf7 25. Rad1 Nc2 (25... Bd4 $5 26. Rxd4 Nc2 $19) 26. Qd2 Nxe1 27. Qxe1 Re8 (27... Bc8 $5) 28. d7 $1 Rd8 29. e5 $1 Rfxd7 (29... Rdxd7 $2 30. e6 Rde7 31. exf7+ $18) 30. Rxd7 Rxd7 31. e6 Re7 32. Qe4 Bb7 (32... Bc8 $5 33. Qa8 $8 Re8 $11) 33. Qf4 h6 (33... Rxe6 34. Qb8+ Kf7 35. Qxb7+ Ke8 36. g4 $18) 34. h4 (34. Qd6 $5 Bf6 $8 35. Qxb6 $11) 34... Bf6 (34... Rxe6 $2 {loses.} 35. Qb8+ Kh7 36. Qxb7 $18) 35. Qd6 Be4 36. Qxb6 Kh7 (36... c4 {seems wilder.} 37. bxc4 Rb7 38. e7 Kf7) 37. h5 (37. Kh2 $11 {remains equal.}) 37... Bf5 (37... c4 $1 $17 {[%cal Rc4c3] ...c3 would now be deadly.} 38. Qe3 (38. bxc4 $2 {too greedy.} Rb7 $19) 38... Rxe6 39. bxc4 Kg8) 38. Qxc5 $11 Bxe6 39. Qxa5 Bg4 (39... Rd7 $11 {was preferrable.}) 40. Qd5 $14 Re5 41. Qd3+ Kh8 42. Kg2 Bxh5 43. a4 Bf7 (43... g5 $11 {keeps the balance.}) 44. b4 $16 Bd5+ 45. Kf1 Be4 46. Qc3 (46. Qc4 $14) 46... g5 $2 {[%emt 0:00:51] [#]} (46... Rd5 $11 47. Qe3 Rd1+ 48. Ke2 Rd4) 47. b5 $2 ({White should try} 47. f4 $1 $18 gxf4 48. gxf4) 47... Kg7 $1 $11 48. b6 Re7 49. Qc4 Bf3 50. a5 $2 {[%emt 0:00:05][%mdl 8192] [#]} (50. Qb3 $11 g4 51. Qd3) 50... Rd7 $1 51. Qc7 Rxc7 52. bxc7 Bb7 0-1

[Event "Grand Prix Romania 1st Stage 2024"]
[Site "Bucuresti"]
[Date "2024.03.24"]
[Round "7.12"]
[White "Lupulescu, Constantin"]
[Black "Baltag, Iulian"]
[Result "1-0"]
[ECO "D31"]
[WhiteElo "2579"]
[BlackElo "2412"]
[Annotator "TA"]
[PlyCount "77"]
[EventDate "2024.03.20"]
[EventType "swiss"]
[EventCountry "ROU"]
[SourceTitle "playchess.com"]
[Source "ChessBase"]
[SourceQuality "1"]
[TimeControl "900+5"]

1. d4 d5 2. c4 e6 3. Nc3 h6 4. Bf4 Bd6 5. Bxd6 Qxd6 6. e3 Nf6 7. Rc1 c6 8. Nf3 {[%emt 0:01:29][%cal Bg1f3,Bf3d2,Bd2b3,Bb3d4][%mdl 32] White is slightly better.} Nbd7 9. cxd5 exd5 10. Bd3 O-O 11. O-O Re8 12. Qc2 Qe7 13. Nd2 Nb6 14. Rce1 Be6 15. f3 c5 16. dxc5 Qxc5 17. Nb3 Qe7 18. Nd4 Rac8 19. Rc1 Nc4 20. Rfe1 Qb4 21. Bxc4 dxc4 22. e4 (22. Red1 $11) 22... Qc5 (22... Nd7 $15 23. Nce2 Ne5) 23. Qf2 $14 Bd7 24. Rcd1 a6 25. a3 b5 26. Nc2 Qc7 27. Nb4 Re6 (27... a5 $11 {remains equal.} 28. Nbd5 Nxd5 29. Nxd5 Qc6) 28. Qd4 ({Better is} 28. f4 $16 {aiming for e5.} a5 29. Nbd5 Nxd5 30. Nxd5) 28... Be8 (28... a5 $11 29. Ncd5 Nxd5 30. Nxd5 Qb8) 29. e5 $16 Nd7 {[%emt 0:00:00][%cal Oc7c5] [#]} 30. f4 $1 {[%emt 0:00:00] Black must now prevent Ncd5.} Qc5 31. Qxc5 ({White should try} 31. Ne4 $16 Qxd4+ 32. Rxd4) 31... Nxc5 $11 32. f5 $36 {[%emt 0:00:00][%mdl 2048] White is pushing.} Rb6 33. f6 {[%emt 0:00:04] Ncd5 would now be deadly.} Kf8 34. Re3 {[%emt 0:00:05] White is much more active.} (34. Nbd5 $14 Re6 35. fxg7+ Kxg7 36. Nf4) 34... gxf6 35. Ncd5 Re6 36. Nxf6 {[%emt 0:00:02] Rg3 is the strong threat. A dynamic duo of knights.} Bc6 $1 37. Rg3 {[%emt 0:00:13] Intending Rg8+ and mate.} Bb7 $2 {[%emt 0:00:05][%mdl 8192] [#]} (37... Ke7 $11) 38. Rg8+ Ke7 39. Nbd5+ {[%emt 0:00:03] Weighted Error Value: White=0.14 (very precise) /Black=0.33.  Loses game:     	---       	Black=1      Mistake:       	White=4     	Black=3      Inaccurate:     	---       	Black=2      OK:         	White=11    	Black=12     Best:        	White=3     	---        Strong:       	White=1     	Black=1} (39. Rd7+ $142 Nxd7 40. Nfd5+ Bxd5 41. Nxd5#) 1-0

[Event "Grand Prix Romania 1st Stage 2024"]
[Site "Bucuresti"]
[Date "2024.03.24"]
[Round "7.13"]
[White "Ghimpu, Samuel-Timotei"]
[Black "Moroni, Luca Jr"]
[Result "0-1"]
[ECO "B08"]
[WhiteElo "2467"]
[BlackElo "2580"]
[Annotator "TA"]
[PlyCount "138"]
[EventDate "2024.03.20"]
[EventType "swiss"]
[EventCountry "ROU"]
[SourceTitle "playchess.com"]
[Source "ChessBase"]
[SourceQuality "1"]
[TimeControl "900+5"]

1. e4 g6 2. d4 Bg7 3. Nf3 d6 4. Nc3 Nf6 5. Be2 O-O 6. O-O a6 7. a4 Nc6 8. h3 e5 9. dxe5 {[%emt 0:00:08] B08: Pirc Defence: Classical System.} dxe5 10. Bc4 Qe7 11. Nd5 Nxd5 12. Bxd5 Rd8 $146 ({Predecessor:} 12... Nd4 13. c3 Ne6 14. Re1 Qf6 15. Bxe6 Qxe6 16. Qc2 Bd7 17. b3 Rfd8 18. Ba3 Bc6 {0-1 Tran,T (2459)-Wang,H (2717) Ho Chi Minh City HD Bank op-A 6th 2016 (8)}) 13. Qe2 Nd4 14. Nxd4 exd4 15. Re1 c6 16. Bc4 Be6 17. a5 Qb4 18. Bxe6 fxe6 19. Bd2 Qb5 20. Qd3 Rf8 21. Ra3 c5 22. b3 Rf7 23. Raa1 Be5 24. Qc4 Qxc4 25. bxc4 d3 26. c3 Rc8 27. Ra3 Rc6 28. Rb1 Bc7 29. f3 Kf8 30. Kf1 (30. Rxb7 $2 Bh2+ 31. Kxh2 Rxb7 $19) 30... Bd8 31. Be3 h5 32. Ke1 Ke8 33. Kd2 Rd7 34. g4 ({Better is} 34. e5 $16) 34... hxg4 (34... e5 $14) 35. hxg4 $16 Rh7 36. Bf4 (36. Kxd3 $6 Rd6+ 37. Kc2 Rh2+ 38. Kb3 Rd3 39. Bxc5 Rxf3 $11) 36... Rh3 37. Rf1 g5 38. Be5 Bc7 39. Bxc7 Rxc7 40. Kxd3 Rh2 ({Black should play} 40... Rf7 $11) 41. Ke3 $14 Rd7 42. Rf2 Rh1 43. Rb3 $1 Kd8 (43... Rc1 $16) 44. Rb6 (44. Rd2 $1 $18 Re1+ 45. Kf2 Rxd2+ 46. Kxe1) 44... Rc1 45. Rd2 (45. Rxe6 $16 {Hoping for e5.} Rxc3+ 46. Ke2) 45... Rxc3+ $11 46. Ke2 Rxd2+ 47. Kxd2 Rxf3 48. Rxb7 Rf4 49. Ke3 Rxg4 50. Rb6 Ke7 51. Rc6 Rg3+ 52. Kf2 Ra3 53. Rxc5 Kf6 54. Kg2 g4 55. Kf2 e5 56. Rc6+ Kg5 57. Rxa6 Kf4 58. Rf6+ Kxe4 59. a6 Kd4 60. Rg6 e4 61. Rxg4 Ra2+ (61... Rxa6 {simplifies} 62. Rg7 Ra2+ 63. Kg3 Kxc4 64. Kf4 Re2) 62. Ke1 $2 {[%emt 0:00:10][%mdl 8192] [#]} (62. Kf1 $11) 62... Kd3 $1 (62... Rxa6 63. Rg3 $11) 63. Rg7 {[%emt 0:00:06] [#]} Ra1+ $1 (63... Kxc4 64. a7 $11) 64. Kf2 e3+ ({Worse is} 64... Kxc4 65. Rc7+ Kb5 66. Rb7+ Kc6 67. Ra7 $11) 65. Kf3 Rf1+ ({And not} 65... Kxc4 66. a7 $11 (66. Kxe3 Rxa6 67. Kd2 Rd6+ 68. Kc2 Kd5 $11)) 66. Kg2 e2 67. Re7 e1=Q 68. Rxe1 Rxe1 69. c5 Ra1 0-1

[Event "Grand Prix Romania 1st Stage 2024"]
[Site "Bucuresti"]
[Date "2024.03.24"]
[Round "7.15"]
[White "Zajic, Milan"]
[Black "Banzea, Alexandru-Bogdan"]
[Result "1-0"]
[ECO "B06"]
[WhiteElo "2436"]
[BlackElo "2394"]
[Annotator "TA"]
[PlyCount "91"]
[EventDate "2024.03.20"]
[EventType "swiss"]
[EventCountry "ROU"]
[SourceTitle "playchess.com"]
[Source "ChessBase"]
[SourceQuality "1"]
[TimeControl "900+5"]

1. e4 c5 2. Nf3 g6 3. c3 d5 4. exd5 Qxd5 5. d4 Bg7 6. Nbd2 {[%emt 0:00:05] Strongly threatening Bc4.} Nf6 7. Bc4 Qd6 8. O-O {[%emt 0:00:25] White is slightly better.} O-O 9. Re1 Nc6 10. dxc5 Qxc5 11. Qe2 b6 12. Nb3 Qd6 13. Bg5 Bb7 14. Rad1 Qc7 15. Nbd4 Nxd4 16. Rxd4 e6 17. Bf4 Qc8 {[%emt 0:00:08] Black is weak on the dark squares} 18. Be5 Nd7 (18... Bxf3 $14 19. Qxf3 Nd7 20. Bxg7 Kxg7) 19. Bxg7 $16 Kxg7 20. Ne5 Nxe5 21. Qxe5+ Kg8 22. h4 {[%emt 0:00:11] Black must now prevent h5.} Qc6 {[%emt 0:00:58][%csl Gb7][%cal Rc6g2] [#]} 23. f3 {[%emt 0:00:28] aiming for h5. Active counter play!} Qc5 24. Qxc5 bxc5 25. Rd6 ({White should play} 25. Rd7 $16 Rab8 26. Re5) 25... Rfc8 26. Kf2 Kf8 27. Red1 Bc6 28. h5 Ke7 29. h6 Rd8 (29... a5 $11 {and Black has nothing to worry.}) 30. Rxd8 $18 Rxd8 31. Rxd8 Kxd8 {[%emt 0:00:02][%mdl 4096] Endgame. KB-KB} 32. b4 cxb4 33. cxb4 Ke7 34. f4 (34. Ke3 $18) 34... Kf6 $2 (34... Kd6 $16 {keeps fighting.}) 35. b5 Bb7 (35... Bd7 36. a4 Ke7) 36. g3 Kf5 37. Bd3+ Kg4 38. Be2+ Kf5 39. Bf3 Bc8 40. a4 {[%emt 0:00:01][%cal Ba2a4,Ba4a5,Ba5a6][%mdl 32] a5 is the strong threat.} g5 41. Ke3 gxf4+ 42. gxf4 Kg6 43. a5 Kxh6 44. a6 {[%emt 0:00:04] White mates.} Kg6 45. Bb7 Bd7 {[%emt 0:00:01] [#]} 46. b6 $1 {[%emt 0:00:01][%mdl 512] Weighted Error Value: White=0.09 (flawless) /Black=0.50.  Loses game:     	---       	Black=1      Mistake:       	White=2     	Black=3      Inaccurate:     	White=1     	Black=2      OK:         	White=13    	Black=11     Best:        	White=4     	Black=1} 1-0

[Event "Grand Prix Romania 1st Stage 2024"]
[Site "Bucuresti"]
[Date "2024.03.24"]
[Round "7.16"]
[White "Maximov, Oleg"]
[Black "Mikhalevski, Victor"]
[Result "0-1"]
[ECO "C26"]
[WhiteElo "2185"]
[BlackElo "2514"]
[Annotator "TA"]
[PlyCount "60"]
[EventDate "2024.03.20"]
[EventType "swiss"]
[EventCountry "ROU"]
[SourceTitle "playchess.com"]
[Source "ChessBase"]
[SourceQuality "1"]
[TimeControl "900+5"]

1. e4 e5 2. Nc3 Nf6 3. g3 Bc5 4. Bg2 Nc6 5. d3 d6 6. Na4 Bg4 7. f3 Be6 8. Nxc5 dxc5 9. b3 {[%emt 0:00:04] The position is equal.} Nd7 10. f4 (10. Bb2 $142) 10... exf4 $11 11. Bxf4 Nde5 12. Nf3 Bg4 13. h3 {[%emt 0:00:01] Dodges h5} Bxf3 14. Bxf3 Qd4 {[%emt 0:01:08] ...Nxf3+ would now be deadly.} 15. Rc1 (15. Bg2 $142) 15... O-O-O (15... Nb4 $17 16. Rf1 Nxa2) 16. Qe2 Qc3+ 17. Bd2 {[%emt 0:01:01] [#]} (17. Kf2 $15) 17... Qb2 $1 $17 18. O-O Nd4 {[%emt 0:00:15] A dynamic duo of knights.} 19. Bg4+ Kb8 20. Qd1 Qxa2 {[%emt 0:00:45] Black is much more active.} 21. Bf4 f6 22. Bxe5 fxe5 23. c3 (23. Rf2 {might work better.} Rhf8 24. Ra1) 23... Nc6 (23... Nxb3 $19 24. Be6 Rxd3 25. Qxd3 Nxc1) 24. Be6 Rhf8 25. Rc2 Rxf1+ 26. Kxf1 Qa6 27. Bc4 {[%emt 0:00:25] [#]} (27. Bd5 $17) 27... b5 $1 $19 28. Bd5 Ne7 29. Qh5 $2 (29. c4 $17) 29... Qd6 30. Ra2 $2 (30. c4) 30... c6 {[%emt 0:00:59] Weighted Error Value: White=0.44/Black=0.15 (very precise) .  Loses game:     	White=1     	---        Mistake:       	White=6     	Black=2      Inaccurate:     	White=3     	Black=2      OK:         	White=5     	Black=10     Best:        	---       	Black=3      Strong:       	---       	Black=1} 0-1